 Dungeon Crawl Stone Soup version 0.28-a0-802-g09f76e8c00 (webtiles) character file.

Game seed: 1072246132406964322

37 croobank the Stinger (level 3, 0/21 HPs)
             Began as an Octopode Venom Mage on Nov 7, 2021.
             Slain by an adder (5 damage)
             ... on level 2 of the Dungeon.
             The game lasted 00:06:30 (1973 turns).

croobank the Stinger (Octopode Venom Mage)          Turns: 1973, Time: 00:06:33

Health: 0/21       AC:  1    Str:  8    XL:     3   Next: 39%
Magic:  3/6        EV: 13    Int: 17    God:
Gold:   53         SH:  0    Dex: 12    Spells: 0/6 levels left

rFire   . . .      SeeInvis .   f - +0 dagger
rCold   . . .      Faith    .   (no shield)
rNeg    + . .      Spirit   .   (helmet restricted)
rPois   .          Reflect  .   (no amulet)
rElec   .          Harm     .   d - ring of positive energy
rCorr   .          Rampage  .   (no ring)
Will    .....                   (no ring)
Stlth   +++.......              (no ring)
HPRegen 0.07/turn               (no ring)
MPRegen 0.10/turn               (no ring)
                                (no ring)
                                (no ring)

@: lethally poisoned (0 -> -1), very slightly contaminated
A: almost no armour, amphibious, 8 rings, camouflage 1, gelatinous body 1,
(nimble swimmer 1), tentacles
a: no special abilities


You were on level 2 of the Dungeon.
You visited 1 branch of the dungeon, and saw 2 of its levels.

You collected 53 gold pieces.

Inventory:

Hand Weapons
 f - a +0 dagger (weapon)
Missiles
 a - 18 poisoned darts
 e - 12 stones
 h - 25 bolts
Jewellery
 d - a ring of positive energy (left tentacle)
Scrolls
 b - a scroll of brand weapon {unknown}
 c - a scroll of identify {unknown}
Potions
 g - a potion of attraction {unknown}


   Skills:
 + Level 0.2 Maces & Flails
 + Level 2.3 Dodging
 + Level 3.3 Stealth
 + Level 2.0 Spellcasting
 + Level 1.3 Transmutations
 + Level 4.5 Poison Magic


You couldn't memorise any spells.
You knew the following spells:

 Your Spells              Type           Power      Damage    Failure   Level
a - Sting                 Tmut/Pois      44%        1d5       6%          1
b - Poisonous Vapours     Pois/Air       18%        N/A       12%         2
c - Mephitic Cloud        Conj/Pois/Air  6%         N/A       30%         3

Your spell library contained the following spells:

 Spells                   Type           Power      Damage    Failure   Level
 Olgreb's Toxic Radiance  Pois           17%        N/A       30%         4


Dungeon Overview and Level Annotations

Branches:
Dungeon (2/15)

Altars:


Innate Abilities, Weirdness & Mutations

You cannot wear most types of armour.
You are amphibious.
You can wear up to eight rings at the same time.
Your skin changes colour to match your surroundings (Stealth+).
Your rubbery body absorbs attacks. (AC +1, EV +1)
((You are camouflaged near water. (Stealth+)))
You have tentacles for arms and can constrict up to eight enemies at once.


Message History

The kobold shouts!
You hear an angry hiss.
You see here a +0 robe.
An adder comes into view.
Aiming: Sting (safe; 6% risk of failure)
Press: ? - help, Q - select action, (/) - cycle Shift-Dir - straight line, f - kobold
Aim: a kobold, wielding a +0 whip and quivering stones (64% to hit)
The sting hits the kobold but does no damage.
The kobold is poisoned.
The kobold hits you with a +0 whip.
You hit the kobold but do no damage. You grab the kobold.
You constrict the kobold, but do no damage.
The kobold hits you with a +0 whip.
You hit the kobold but do no damage.
The kobold is moderately wounded.
You constrict the kobold.
You kill the kobold!
You miss the adder. Your grab misses the adder.
The adder bites you but does no damage.
Aiming: Sting (safe; 6% risk of failure)
Press: ? - help, Q - select action, (/) - cycle Shift-Dir - straight line, f - adder
Aim: an adder (53% to hit)
You miscast Sting.
You are very lightly contaminated with residual magic.
Nothing appears to happen.
The adder misses you. The adder bites you.
You are poisoned.
The adder poisons you!
You hit the adder. Your grab misses the adder.
The adder is lightly wounded.
You feel sick. The adder bites you.
You hit the adder but do no damage. You grab the adder.
Your squeeze misses the adder.
The adder is lightly wounded.
You constrict the adder.
You feel sick. The adder barely misses you.
Aiming: Sting (safe; 6% risk of failure)
Press: ? - help, Q - select action, (/) - cycle Shift-Dir - straight line, f/p - adder
Aim: an adder (lightly wounded, constricted by you, 90% to hit)
You miscast Sting.
Nothing appears to happen.
You constrict the adder.
You feel sick. The adder bites you.
You die...

##.......#
..........#
########..#
#P#.P.#...#
#.#P#.#.#...#
..rPP.P.....#
#.#P#.#.#...#
# #.P[#...#
#.#@#...#
P.....SPP...#
#.#P#.#.#...#
#P#...#...# #
# ####..# ..#
.# ##


You could see an adder.

Vanquished Creatures
  A dart slug (D:1)
  2 ball pythons (D:1)
  2 endoplasms (D:1)
  5 goblins (D:1)
  3 hobgoblins (D:1)
  3 jackals (D:1)
  2 kobolds
  4 quokkas (D:1)
  3 bats (D:1)
  A frilled lizard (D:1)
  4 rats (D:1)
30 creatures vanquished.

Notes
Turn   | Place    | Note
-------+----------+-------------------------------------------
     0 | D:1      | croobank the Octopode Venom Mage began the quest for the
                  | Orb.
     0 | D:1      | Reached XP level 1. HP: 11/11 MP: 3/3
   384 | D:1      | Reached skill level 4 in Poison Magic
   756 | D:1      | Reached XP level 2. HP: 17/17 MP: 3/5
   794 | D:1      | Learned a level 2 spell: Poisonous Vapours
  1346 | D:1      | Reached XP level 3. HP: 21/21 MP: 4/6
  1679 | D:1      | Learned a level 3 spell: Mephitic Cloud
  1973 | D:2      | Slain by an adder

Illustrated notes

Levels and vault maps discovered:
D:1:      lordsloth_arrival_two_stooges, layout_basic, minmay_misc_feat_columns
D:2:      layout_loops_ring, shapermc_ecumenical_altar_mp_urbaneastern,
          uniq_jessica

Skill      XL: |  1  2 |
---------------+-------+-----
Poison Magic   | 4 |  4.5
Stealth        | 3 |  3.3
Maces & Flails | |  0.2
Dodging        | |  2.3
Spellcasting   | |  2.0
Transmutations | |  1.3

Action                   || total
-------------------------++-------
Melee: Club              ||    11
       Unarmed           ||     3
       Constrict         ||    15
       Tentacles         ||     9
       Dagger            ||    44
 Cast: Sting             ||    24
  Use: Scroll            ||     1
 Stab: Sleeping          ||     2
Armor: Skin              ||     5
Dodge: Dodged            ||    44

Table legend: (Time is in decaauts)
 A = Elapsed time spent in this place.
 B = Non-inter-level travel time spent in this place.
 C = Inter-level travel time spent in this place.
 D = Time resting spent in this place.
 E = Time spent auto-exploring this place.
 F = Levels seen in this place.
 G = Mean time per level.
                   A        B        C        D        E       F      G
               +--------+--------+--------+--------+--------+-----+--------+
         Total |   1974 |   1962 |     12 |    824 |    882 |   2 |  987.0 |
       Dungeon |   1974 |   1962 |     12 |    824 |    882 |   2 |  987.0 |
               +--------+--------+--------+--------+--------+-----+--------+

Top non-repeatable levels by time:
     D:1: 1911 daAuts
     D:2: 62 daAuts
